 Dungeon Crawl Stone Soup version 0.22.0 (webtiles) character file.

2578 CyclopB the Martial Artist (level 9, -6/56 HPs)
             Began as an Octopode Monk on Jan 22, 2019.
             Shot with a sling bullet by something (8 damage)
             ... on level 7 of the Dungeon.
             The game lasted 00:40:13 (8348 turns).

CyclopB the Martial Artist (Octopode Monk)          Turns: 8348, Time: 00:40:14

Health: -6/56      AC:  6    Str: 11    XL:     9   Next: 57%
Magic:  9/9        EV: 15    Int: 14    God:
Gold:   149        SH:  0    Dex: 18    Spells: 8/8 levels left

rFire    . . .     SeeInvis .     - Unarmed
rCold    . . .     Gourm    .   (no shield)
rNeg     . . .     Faith    .   (helmet restricted)
rPois    .         Spirit   .   (no amulet)
rElec    .         Reflect  .   h - +5 ring of protection
rCorr    .         Harm     .   x - +3 ring of dexterity
MR       .....                  (no ring)
Stlth    ++++......             (no ring)
HPRegen  0.18/turn              (no ring)
MPRegen  0.11/turn              (no ring)
                                (no ring)
                                (no ring)

@: no status effects
A: almost no armour, stealthy swim, amphibious, 8 rings, constrict 8, camouflage
1, gelatinous body 1
a: no special abilities


You were on level 7 of the Dungeon.
You were hungry.

You visited 1 branch of the dungeon, and saw 7 of its levels.

You collected 261 gold pieces.
You spent 112 gold pieces at shops.

Inventory:

Hand Weapons
 j - a +0 hunting sling
Missiles
 c - 10 sling bullets
 g - 245 stones (quivered)
 o - 5 tomahawks
 p - 82 arrows
Jewellery
 h - a +5 ring of protection (left tentacle)
 s - an uncursed ring of fire
 x - a +3 ring of dexterity (right tentacle)
Wands
 q - a wand of random effects (7)
 v - a wand of disintegration (3)
 E - a wand of polymorph (12)
Scrolls
 b - 3 scrolls of teleportation {unknown}
 d - a scroll of remove curse {unknown}
 e - a scroll of enchant weapon {unknown}
 k - a scroll of noise {unknown}
 m - a scroll of identify
 r - 3 scrolls of magic mapping {unknown}
 w - 2 scrolls of enchant armour {unknown}
 y - a scroll of fog {unknown}
 B - a scroll of amnesia {unknown}
 C - a scroll of immolation {unknown}
Potions
 f - 3 potions of curing
 l - 2 potions of haste {unknown}
 n - 2 potions of brilliance {unknown}
 u - 3 potions of flight
 z - a potion of mutation
 A - 2 potions of berserk rage {unknown}
Comestibles
 a - 8 rations


   Skills:
 - Level 3.0 Fighting
 - Level 3.0 Dodging
 - Level 5.4 Stealth
 + Level 12.3 Unarmed Combat


You had 8 spell levels left.
You didn't know any spells.
Your spell library contained the following spells:

 Spells                   Type           Power        Failure   Level  Hunger
 Magic Dart               Conj           #...         28%         1    ##.....
 Conjure Flame            Conj/Fire      #.......     65%         3    ####...
 Slow                     Hex            #.......     41%         2    ###....
 Mephitic Cloud           Conj/Pois/Air  #.......     65%         3    ####...
 Blink                    Tloc           N/A          41%         2    ###....
 Call Imp                 Summ           #.......     41%         2    ###....


Dungeon Overview and Level Annotations

Branches:
Dungeon (7/15)
 Temple: D:4-7

Altars:
Ashenzari
Cheibriados
Hepliaklqana
Okawaru
Trog
Vehumet
Xom
Yredelemnul
Zin

Shops:
D:6 :*

Annotations:
D:7 Joseph, Prince Ribbit


Innate Abilities, Weirdness & Mutations

You cannot wear most types of armour.
You are very stealthy in the water. (Stealth+)
You are amphibious.
You can wear up to eight rings at the same time.
You can use your tentacles to constrict eight enemies at once.
Your skin changes colour to match your surroundings (Stealth+).
Your rubbery body absorbs attacks. (AC +1, EV +1)


Message History

Aiming: Scattershot
Press: ? - help, Shift-Dir - straight line The burst of metal fragments hits something. x3
A sling bullet appears from out of thin air!
The sling bullet hits you!
* * * LOW HITPOINT WARNING * * *
x2
Okay, then.
Unknown command.
Evoke which item? (* to show all) (? for menu, Esc to quit)
Aiming: Scattershot
Press: ? - help, Shift-Dir - straight line The burst of metal fragments hits something. x3
The now-empty wand crumbles to dust.
Evoke which item? (* to show all) (? for menu, Esc to quit)
Aiming: Disintegrate
Press: ? - help, Shift-Dir - straight line Nothing appears to happen.
A sling bullet appears from out of thin air!
The sling bullet hits you!
You die...

#######.#....#...####.###........
### #......##.#####.###........
..# ###...###.##.........######
#.# #...# #.##.#.......# #.#
#...# #.##.#.......######
#.#####<..###........#..##.....
o##<[)()))....>...(#...#..##.....
(..@.....[.>.....(.#.###.........
.......(.>..{...@(##......##.....
.##.#####...########.#######.....
. #.# #...# #.# ###### #.# #...#
#.# #.# #...# #.# ...#####...###
#.############
.............######.##..........
##..##.##.........#.......##.###
###########++##### ####.##.##.#


There were no monsters in sight!

Vanquished Creatures
  Pikel (D:7)
  2 ice beasts
  An orc warrior (D:7)
  A sky beast (D:7)
  A black bear (D:6)
  3 slaves
  A phantom (D:7)
  2 centaurs
  A necrophage (D:7)
  3 ogres
  3 bullfrogs
  2 scorpions (D:6)
  A howler monkey (D:5)
  A hound (D:6)
  A quasit (D:6)
  A gnoll shaman (D:7)
  2 orc priests (D:5)
  A centaur skeleton (D:7)
  Crazy Yiuf (D:7)
  4 worker ants (D:4)
  9 orc wizards
  A hound skeleton (D:6)
  A howler monkey skeleton (D:2)
  3 gnolls
  7 adders
  2 worms (D:2)
  3 leopard geckos
  18 orcs
  4 bats
  7 giant cockroaches
  9 goblins
  8 hobgoblins
  10 jackals
  3 quokkas
  2 ball pythons
  5 frilled lizards
  A giant cockroach zombie (D:6)
  8 kobolds
  2 rats (D:3)
  A fungus (D:7)
137 creatures vanquished.

Vanquished Creatures (others)
  A slave (D:7)
  An orc (D:7)
2 creatures vanquished.

Grand Total: 139 creatures vanquished

Notes
Turn   | Place    | Note
-------+----------+-------------------------------------------
     0 | D:1      | CyclopB the Octopode Monk began the quest for the Orb.
     0 | D:1      | Reached XP level 1. HP: 16/16 MP: 1/1
   178 | D:2      | Reached XP level 2. HP: 21/21 MP: 2/2
   215 | D:2      | Noticed an angel
   216 | D:2      | Found a glowing silver altar of Zin.
   441 | D:2      | Reached XP level 3. HP: 20/26 MP: 3/3
   615 | D:2      | Found a shattered altar of Ashenzari.
   657 | D:2      | Reached skill level 4 in Unarmed Combat
   964 | D:2      | Reached XP level 4. HP: 31/31 MP: 4/4
  1400 | D:3      | Found a hazy altar of Hepliaklqana.
  1817 | D:3      | Reached XP level 5. HP: 18/36 MP: 5/5
  2002 | D:3      | Found a faded altar of an unknown god.
  2008 | D:3      | Reached skill level 5 in Unarmed Combat
  2690 | D:4      | Found a shimmering altar of Xom.
  2765 | D:4      | Found a bloodstained altar of Trog.
  2890 | D:4      | Reached skill level 5 in Stealth
  2933 | D:4      | Reached XP level 6. HP: 23/42 MP: 6/6
  3836 | D:5      | Entered Level 5 of the Dungeon
  3871 | D:5      | Found a snail-covered altar of Cheibriados.
  3896 | D:5      | Reached skill level 6 in Unarmed Combat
  4230 | D:5      | Found a radiant altar of Vehumet.
  4631 | D:5      | Found a basalt altar of Yredelemnul.
  5013 | D:4      | Reached XP level 7. HP: 46/46 MP: 7/7
  5036 | D:4      | Reached skill level 7 in Unarmed Combat
  5126 | D:6      | Found Ympelath's General Store.
  5130 | D:6      | Bought a potion of mutation for 112 gold pieces
  5207 | D:7      | Noticed Joseph
  5309 | D:6      | Found Nykoz's Book Shoppe.
  5341 | D:6      | Found an iron altar of Okawaru.
  5651 | D:6      | Reached skill level 8 in Unarmed Combat
  6154 | D:6      | Reached XP level 8. HP: 44/52 MP: 8/8
  6303 | D:7      | Reached skill level 9 in Unarmed Combat
  6416 | D:7      | Noticed Pikel
  6937 | D:7      | Noticed Prince Ribbit
  6975 | D:7      | Killed Pikel
  6975 | D:7      | Reached skill level 11 in Unarmed Combat
  6975 | D:7      | Reached XP level 9. HP: 46/56 MP: 9/9
  7554 | D:6      | Reached skill level 12 in Unarmed Combat
  7963 | D:7      | Found a runed door.
  7967 | D:7      | Noticed Crazy Yiuf
  7974 | D:7      | Killed Crazy Yiuf
  8346 | D:7      | HP: 1/56 [something (2)]
  8348 | D:7      | Shot with a sling bullet by something

Skill      XL: |  1  2  3  4  5  6  7  8  9 |
---------------+----------------------------+-----
Stealth        | 3 4 5 |  5.4
Unarmed Combat | 4 5 6 8 11 12 | 12.3
Fighting       | |  3.0
Dodging        | |  3.0

Action                   |  1- 3 |  4- 6 |  7- 9 || total
-------------------------+-------+-------+-------++-------
Melee: Unarmed           |    25 |    77 |   171 ||   273
       Tentacles         |     5 |    16 |    27 ||    48
       Constrict         |     5 |    21 |    31 ||    57
       Hunting sling     |       |     2 |       ||     2
       Punch             |       |     1 |    13 ||    14
 Fire: Hunting sling     |    53 |   118 |     9 ||   180
Throw: Stone             |     4 |     1 |    26 ||    31
Evoke: Wand              |       |       |    40 ||    40
  Use: Scroll            |       |     2 |     2 ||     4
       Potion            |       |     1 |     2 ||     3
 Stab: Sleeping          |     2 |     9 |     4 ||    15
       Distracted        |       |       |     1 ||     1
  Eat: Chunk             |       |    12 |    10 ||    22
Armor: Skin              |     1 |     9 |    41 ||    51
Dodge: Dodged            |    24 |    45 |    99 ||   168
